 Dungeon Crawl Stone Soup version 0.28-a0-422-gd71735cc25 (webtiles) character file.

Game seed: 6573621142846133208

224 runemasterragnar the Sneak (level 6, -2/49 HPs)
             Began as a Naga Fire Elementalist on Sept 9, 2021.
             Killed from afar by an orc wizard (6 damage)
             ... with a magic dart
             ... on level 3 of the Dungeon.
             The game lasted 00:06:22 (3567 turns).

runemasterragnar the Sneak (Naga Fire Elementalist) Turns: 3567, Time: 00:06:23

Health: -2/49      AC:  3    Str: 10    XL:     6   Next: 0%
Magic:  1/9        EV: 10    Int: 18    God:
Gold:   177        SH:  0    Dex: 11    Spells: 7/10 levels left

rFire   . . .      SeeInvis +   (no weapon)
rCold   . . .      Faith    .   (no shield)
rNeg    . . .      Spirit   .   a - +0 robe
rPois   +          Reflect  .   (no helmet)
rElec   .          Harm     .   (no cloak)
rCorr   .          Rampage  .   (no gloves)
Will    .....      Rnd*Rage +   (no barding)
Stlth   ++........              (no amulet)
HPRegen 0.16/turn               (no ring)
MPRegen 0.11/turn               (no ring)

@: brilliant, hasted, quick
A: AC +2, large, see invisible, deformed body, poison resistance, slowness 2,
spit poison 1, naga tail 1, stinger 1, berserk 1, screaming 1, noise suppression
a: Spit Poison


You were on level 3 of the Dungeon.
You visited 1 branch of the dungeon, and saw 4 of its levels.

You collected 177 gold pieces.

Inventory:

Missiles
 b - 4 boomerangs
Armour
 a - a +0 robe (worn)
Jewellery
 e - a ring of flight
Scrolls
 d - 3 scrolls of identify {unknown}
 f - a scroll of amnesia {unknown}
 h - a scroll of blinking {unknown}
 j - 2 scrolls of noise {unknown}
Potions
 c - a potion of brilliance
 k - a potion of flight {unknown}


   Skills:
 + Level 2.2 Dodging
 + Level 4.4 Stealth
 + Level 2.6 Spellcasting
 * Level 3.2 Conjurations
 * Level 4.3 Fire Magic


You had 7 spell levels left.
You knew the following spells:

 Your Spells              Type           Power      Damage    Failure   Level
a - Foxfire               Conj/Fire      92%        2x1d8     3%          1
b - Scorch                Fire           52%        2d8       4%          2

Your spell library contained the following spells:

 Spells                   Type           Power      Damage    Failure   Level
 Conjure Flame            Conj/Fire      23%        6-21      11%         3
 Inner Flame              Hex/Fire       15%        N/A       22%         3
 Flame Wave               Conj/Fire      23%        3d6       34%         4


Dungeon Overview and Level Annotations

Branches:
Dungeon (4/15)
 Temple: D:4-7

Altars:
Dithmenos

Shops:
D:2 (


Innate Abilities, Weirdness & Mutations

Your serpentine skin is tough. (AC +2)
You have supernaturally acute eyesight. (SInv)
Armour fits poorly on your strangely shaped body.
Your system is resistant to poisons. (rPois)
You cover ground very slowly.
You can spit poison.
You have a snake-like lower body.
Your tail ends in a poisonous barb.
You tend to lose your temper in combat.
You occasionally shout uncontrollably at your foes.
You passively dampen the noise of your surroundings.


Message History

The foxfire hits the orc wizard.
The orc wizard is moderately wounded.
The foxfire hits the orc wizard.
The orc wizard is heavily wounded.
The orc wizard hits you with a +0 dagger.
* * * LOW HITPOINT WARNING * * *
Casting: Foxfire (safe; 3% risk of failure)
Confirm with . or Enter, or press ? or * to list all spells.
You conjure some foxfire!
The orc wizard hits you with a +0 dagger.
* * * LOW HITPOINT WARNING * * *
Unknown command.
You miss the orc wizard.
The orc wizard is heavily wounded.
The foxfire hits the orc wizard.
The orc wizard is severely wounded.
The foxfire hits the orc wizard.
The orc wizard is severely wounded.
The orc wizard mumbles some strange words.
The orc wizard flickers and vanishes for a moment.
Unknown command.
It was a potion of brilliance.
You feel clever all of a sudden.
The orc wizard hits you with a +0 dagger.
* * * LOW HITPOINT WARNING * * *
It was a potion of mutation.
You feel extremely strange.
You feel a little pissed off.
You feel the urge to shout.
You feel your surroundings grow quieter.
A poisonous barb forms on the end of your tail.
The orc wizard barely misses you.
It was a potion of haste.
You feel yourself speed up.
The orc wizard points at you and mumbles some strange words.
The magic dart hits you.
* * * LOW HITPOINT WARNING * * *
Okay, then.
You barely miss the orc wizard.
The orc wizard is severely wounded.
The orc wizard gestures at you while chanting.
The magic dart hits you.
You die...

#.##########.#.#
###.# #...# #...#
##.## ##<#.#### #.#
#.......# #.#
#.......# #.#
#.......########.##
#..).....<.........
#.@.....########.#[
#[.o....# #.#.
#.......# #.#.
##.###### #.#. #..#
#.## ##.# #.## #.#
#... #.# ##### #...
#.# #...######.#


You could see an orc wizard (invisible).

Vanquished Creatures
  An orc priest (D:4)
  An iguana (D:3)
  2 orc wizards (D:3)
  3 gnolls (D:2)
  2 adders
  A worm (D:2)
  3 dart slugs
  An orc (D:4)
  2 endoplasms (D:1)
  4 giant cockroaches
  8 goblins
  2 hobgoblins
  3 jackals (D:1)
  2 quokkas
  12 ball pythons
  5 bats
  5 frilled lizards
  4 kobolds
  2 rats
63 creatures vanquished.

Vanquished Creatures (others)
  174 foxfires
174 creatures vanquished.

Grand Total: 237 creatures vanquished

Notes
Turn   | Place    | Note
-------+----------+-------------------------------------------
     0 | D:1      | runemasterragnar the Naga Fire Elementalist began the quest
                  | for the Orb.
     0 | D:1      | Reached XP level 1. HP: 15/15 MP: 3/3
   421 | D:1      | Reached XP level 2. HP: 22/22 MP: 3/5
  1084 | D:1      | Reached XP level 3. HP: 28/28 MP: 3/6
  1460 | D:1      | Learned a level 2 spell: Scorch
  1927 | D:2      | Reached XP level 4. HP: 36/36 MP: 3/7
  2165 | D:2      | Found Zudyggoo's Antique Weapon Shoppe.
  2686 | D:3      | Found a shadowy altar of Dithmenos.
  3023 | D:3      | Reached XP level 5. HP: 39/42 MP: 3/8
  3560 | D:3      | Reached XP level 6. HP: 14/49 MP: 2/9
  3565 | D:3      | Gained mutation: You tend to lose your temper in combat.
                  | [potion of mutation]
  3565 | D:3      | Gained mutation: You occasionally shout uncontrollably at
                  | your foes. [potion of mutation]
  3565 | D:3      | Gained mutation: You passively dampen the noise of your
                  | surroundings. [potion of mutation]
  3565 | D:3      | Gained mutation: Your tail ends in a poisonous barb.
                  | [potion of mutation]
  3567 | D:3      | Killed from afar by an orc wizard

Illustrated notes

Levels and vault maps discovered:
D:1:      minmay_arrival_stone_box, layout_basic, minmay_unequal
D:2:      layout_basic, serial_shops, shop_statue, hex_intersection
D:3:      layout_loops_ring, mainiacjoe_overflow_tiny_flanked,
          minmay_strange_pillars, kennysheep_cross_bottleneck,
          chequers_serial_rivers_micro_b
D:4:      layout_loops_ring, nicolae_ru_sacrificial_ziggurat,
          lemuel_blue_sif_altar, uniq_natasha, uniq_ijyb, uniq_sigmund

Skill      XL: |  1  2  3  4  5 |
---------------+----------------+-----
Conjurations   | 2 3 |  3.2
Dodging        | 2 |  2.2
Stealth        | 4 |  4.4
Fire Magic     | 4 |  4.3
Spellcasting   | |  2.6

Action                   |  1- 3 |  4- 6 || total
-------------------------+-------+-------++-------
Melee: Unarmed           |    34 |    27 ||    61
 Cast: Foxfire           |    65 |    51 ||   116
       Scorch            |       |     3 ||     3
 Abil: Spit Poison       |     2 |     7 ||     9
  Use: Potion            |       |     3 ||     3
Armor: Robe              |     7 |    10 ||    17
Dodge: Dodged            |    26 |    23 ||    49

Table legend: (Time is in decaauts)
 A = Elapsed time spent in this place.
 B = Non-inter-level travel time spent in this place.
 C = Inter-level travel time spent in this place.
 D = Time resting spent in this place.
 E = Time spent auto-exploring this place.
 F = Levels seen in this place.
 G = Mean time per level.
                   A        B        C        D        E       F      G
               +--------+--------+--------+--------+--------+-----+--------+
         Total |   4385 |   4327 |     58 |     45 |   3694 |   4 | 1096.2 |
       Dungeon |   4385 |   4327 |     58 |     45 |   3694 |   4 | 1096.2 |
               +--------+--------+--------+--------+--------+-----+--------+

Top non-repeatable levels by time:
     D:1: 2065 daAuts
     D:3: 1237 daAuts
     D:2: 1037 daAuts
     D:4: 45 daAuts
